 Dungeon Crawl Stone Soup version 0.29.1-2-gbd0b4ee654 (webtiles) character file.

Game seed: 17505764830968293832

408 LustLizard the Insei (level 6, -6/42 HPs)
             Began as an Octopode Transmuter on Nov 30, 2022.
             Was an Initiate of Gozag.
             Mangled by an iguana (9 damage)
             ... on level 4 of the Dungeon.
             The game lasted 00:07:33 (5112 turns).

LustLizard the Insei (Octopode Transmuter)          Turns: 5112, Time: 00:07:34

Health: -6/42      AC:  1    Str:  9    XL:     6   Next: 88%
Magic:  9/9        EV: 13    Int: 18    God:    Gozag
Gold:   108        SH:  0    Dex: 12    Spells: 2/9 levels left

rFire   . . .      SeeInvis +     - Unarmed
rCold   . . .      Faith    .   (no shield)
rNeg    . . .      Spirit   .   (helmet restricted)
rPois   .          Reflect  .   (no amulet)
rElec   .          Harm     .   p - ring of see invisible
rCorr   .          Rampage  .   (no ring)
Will    .....                   (no ring)
Stlth   ++........              (no ring)
HPRegen 0.14/turn               (no ring)
MPRegen 0.11/turn               (no ring)
                                (no ring)
                                (no ring)

@: no status effects
A: almost no armour, amphibious, 8 rings, camouflage 1, gelatinous body 1,
(nimble swimmer 1), tentacles
a: Renounce Religion, Potion Petition, Call Merchant, Bribe Branch


You were on level 4 of the Dungeon.
You worshipped Gozag.
Gozag was aware of your devotion.
You visited 2 branches of the dungeon, and saw 5 of its levels.

You collected 153 gold pieces.
You paid 45 gold pieces to Gozag.

Inventory:

Jewellery
 p - a ring of see invisible (left tentacle)
Scrolls
 b - 2 scrolls of blinking {unknown}
 c - 4 scrolls of teleportation
 e - 2 scrolls of amnesia {unknown}
 f - a scroll of enchant armour {unknown}
 i - 2 scrolls of vulnerability
 j - a scroll of identify
 n - a scroll of immolation {unknown}
 r - a scroll of enchant weapon {unknown}
 s - a scroll of fog {unknown}
Potions
 a - a potion of lignification
 d - a potion of invisibility {unknown}
 g - a potion of brilliance {unknown}
 h - 3 potions of might
 k - a potion of heal wounds {unknown}
 l - 2 potions of cancellation
 m - a potion of resistance {unknown}
 o - 2 potions of degeneration {unknown}
 q - a potion of flight {unknown}


   Skills:
 + Level 3.0 Fighting
 - Level 2.0 Dodging
 * Level 5.2 Unarmed Combat
 - Level 2.0 Spellcasting
 + Level 3.5 Transmutations
 * Level 2.7 Ice Magic


You had 2 spell levels left.
You knew the following spells:

 Your Spells              Type           Power      Damage    Failure   Level
a - Beastly Appendage     Tmut           28%        N/A       4%          1
b - Wereblood             Tmut           14%        N/A       6%          2
c - Ice Form              Ice/Tmut       13%        N/A       45%         4

Your spell library contained the following spells:

 Spells                   Type           Power      Damage    Failure   Level
 Static Discharge         Conj/Air       1%         3-4/arc   26%         2
 Spider Form              Tmut/Pois      8%         N/A       26%         3
 Gell's Gravitas          Tloc           1%         N/A       47%         3
 Portal Projectile        Hex/Tloc       2%         N/A       47%         3
 Teleport Other           Tloc           1%         N/A       47%         3
 Tukima's Dance           Hex            1%         N/A       47%         3
 Blade Hands              Tmut           7%         N/A       75%         5
 Dispel Undead            Necr           1%         3d6       87%         4
 Sticky Flame             Conj/Fire      1%         2d3       87%         4
 Dispersal                Tloc           0%         N/A       100%        6


Dungeon Overview and Level Annotations

Branches:
Dungeon (4/15)             Temple (1/1) D:4

Altars:
Cheibriados
Elyvilon
Fedhas
Gozag
Hepliaklqana
Nemelex Xobeh
Qazlal
Ru
Sif Muna
Trog
Yredelemnul
Zin
The Shining One

Annotations:
D:4 exclusions: black bear, jelly and ogre


Innate Abilities, Weirdness & Mutations

You cannot wear most types of armour.
You are amphibious.
You can wear up to eight rings at the same time.
Your skin changes colour to match your surroundings (Stealth+).
Your rubbery body absorbs attacks. (AC +1, EV +1)
((You are camouflaged when in or above water. (Stealth+)))
You have tentacles for arms and can constrict up to eight enemies at once.


Message History

You tentacle-slap the orc wizard.
You feel a bit better.
You kill the orc wizard!
You barely miss the orc. Your grab misses the orc.
You pierce the orc.
You squeeze the orc.
You feel a bit better.
You kill the orc!
You start resting.
Your transformation is almost over.
Your primal bloodlust is almost over.
You start resting.
You hear an angry hiss. x2
An iguana comes into view.
An iguana is nearby!
Your primal bloodlust has ended.
You closely miss the iguana. Your grab misses the iguana.
You squeeze the iguana.
The iguana is moderately wounded.
The iguana bites you!
You tentacle-slap the iguana but do no damage.
Your grab misses the iguana.
Your tentacle spike misses the iguana.
The iguana is moderately wounded.
The iguana bites you!
* * * LOW HITPOINT WARNING * * *
Casting: Beastly Appendage (safe; 4% risk of failure)
Confirm with . or Enter, or press ? or * to list all spells.
Okay, then.
Okay, then.
Okay, then.
You tentacle-slap the iguana. You grab the iguana.
You pierce the iguana.
Your squeeze misses the iguana.
The iguana is heavily wounded.
Your tentacle spike disappears.
You constrict the iguana. You tentacle-slap the iguana.
The iguana is severely wounded.
You constrict the iguana. The iguana barely misses you.
You tentacle-slap the iguana but do no damage.
The iguana is almost dead.
You constrict the iguana, but do no damage.
The iguana bites you!
You die...
Your body crumbles into a pile of gold.

....##### #....# ..........
+....+ †....##### $...#
##+#.# .oo# ##.#.# #..#
.....# #o.# ##.### #..# #
##.# #######..#.... .#.#
#..@l$.....# .#.#
#.####......... .#.# #.#
#...#.#### ...## #.#
##..$..# ....########
#.#.......... .#....÷....#
#.#...........
.#.#######.###.#.........<#
.#.# #..##.#.........## #.
.#.# ##.##........#+# #.


You could see an iguana.

Vanquished Creatures
  A necrophage (D:4)
  A scorpion (D:4)
  A hound (D:4)
  2 iguanas (D:4)
  An orc wizard (D:4)
  3 gnolls (D:2)
  8 adders
  A worm (D:4)
  3 dart slugs
  4 orcs (D:4)
  11 ball pythons
  4 endoplasms
  2 giant cockroaches
  6 goblins
  6 hobgoblins
  4 jackals
  3 quokkas
  5 bats
  4 frilled lizards
  7 kobolds
  7 rats
  2 bushes (D:1)
86 creatures vanquished.

Vanquished Creatures (others)
  A plant (D:1)
1 creature vanquished.

Grand Total: 87 creatures vanquished

Notes
Turn   | Place    | Note
-------+----------+-------------------------------------------
     0 | D:1      | LustLizard the Octopode Transmuter began the quest for the
                  | Orb.
     0 | D:1      | Reached XP level 1. HP: 13/13 MP: 3/3
    82 | D:1      | Reached XP level 2. HP: 18/18 MP: 3/5
   829 | D:1      | Reached XP level 3. HP: 23/23 MP: 4/6
  1510 | D:2      | Reached skill level 4 in Unarmed Combat
  1510 | D:2      | Reached XP level 4. HP: 29/29 MP: 5/7
  1729 | D:2      | Learned a level 2 spell: Wereblood
  1734 | D:2      | Learned a level 4 spell: Ice Form
  1939 | D:2      | Found a faded altar of an unknown god.
  1998 | D:3      | Reached XP level 5. HP: 28/35 MP: 4/8
  2332 | D:3      | Reached skill level 1 in Ice Magic
  3066 | D:3      | Found a sparkling altar of Nemelex Xobeh.
  3692 | D:4      | Reached XP level 6. HP: 19/41 MP: 9/9
  4220 | D:4      | Noticed a black bear
  4548 | D:4      | Reached skill level 5 in Unarmed Combat
  4894 | D:4      | Found a staircase to the Ecumenical Temple.
  4905 | Temple   | Entered the Ecumenical Temple
  4951 | Temple   | Became a worshipper of Gozag Ym Sagoz the Greedy
  5108 | D:4      | HP: 2/42 [iguana (11)]
  5112 | D:4      | Mangled by an iguana

Illustrated notes

Levels and vault maps discovered:
D:1:      lemuel_arrival_hallway, layout_basic, serial_forest,
          infiniplex_forest_zigzag_2, infiniplex_forest_3_way,
          infiniplex_forest_straight_2, infiniplex_forest_end_3,
          infiniplex_forest_clump_curved, infiniplex_forest_end_double,
          infiniplex_forest_straight_3
D:2:      layout_basic, dreamdust_ecumenical_altar_statues
D:3:      layout_basic, lemuel_crystal_altar, kennysheep_small_spiral,
          nrook_uturn, grunt_ministairs_11
D:4:      layout_basic, minmay_temple_entry_glassed_door, st_stairs_7,
          chequers_serial_rivers_micro_d
Temple:   kb_temple_of_zot

Skill      XL: |  1  2  3  4  5  6 |
---------------+-------------------+-----
Fighting       | 2 3 |  3.0
Unarmed Combat | 4 5 |  5.2
Transmutations | 3 |  3.5
Ice Magic      | 2 |  2.7
Dodging        | |  2.0
Spellcasting   | |  2.0

Action                   |  1- 3 |  4- 6 || total
-------------------------+-------+-------++-------
Melee: Unarmed           |   243 |   121 ||   364
       Kick              |    58 |    27 ||    85
       Constrict         |    20 |    26 ||    46
       Tentacles         |    67 |    30 ||    97
       Punch             |    14 |     5 ||    19
 Cast: Beastly Appendage |    20 |    26 ||    46
       Wereblood         |       |     3 ||     3
  Use: Scroll            |       |     4 ||     4
 Stab: Sleeping          |     4 |     3 ||     7
Armor: Skin              |     6 |     6 ||    12
Dodge: Dodged            |    51 |    54 ||   105
